 Dungeon Sprint DCSS version 0.28.0-43-g3370ac3207 (webtiles) character file.

Game seed: 5379095329115410495

145 boopmooplesden the Skirmisher (level 5, -2/52 HPs)
             Began as a Minotaur Fighter on Mar 1, 2022.
             Slain by a wyvern (15 damage)
             ... in the Dungeon (Sprint II: "The Violet Keep of Menkaure").
             The game lasted 00:00:18 (210 turns).

boopmooplesden the Skirmisher (Minotaur Fighter)     Turns: 210, Time: 00:00:19

Health: -2/52      AC:  7    Str: 21    XL:     5   Next: 6%
Magic:  4/4        EV:  9    Int:  5    God:
Gold:   243        SH:  5    Dex: 11    Spells: 4/4 levels left

rFire   . . .      SeeInvis .   a - +0 war axe
rCold   . . .      Faith    .   c - +0 buckler
rNeg    . . .      Spirit   .   b - +0 scale mail
rPois   .          Reflect  .   (helmet restricted)
rElec   .          Harm     .   (no cloak)
rCorr   .          Rampage  .   (no gloves)
Will    .....      NoTele   +   (no boots)
Stlth   ..........              (no amulet)
HPRegen 0.17/turn               (no ring)
MPRegen 0.09/turn               (no ring)

@: no status effects
A: horns 2, retaliatory headbutt
a: no special abilities


You were in the Dungeon.
You visited 1 branch You collected 243 gold pieces.

Inventory:

Hand Weapons
 a - a +0 war axe (weapon)
Armour
 b - a +0 scale mail (worn)
 c - a +0 buckler (worn)
Scrolls
 j - a scroll of blinking
Potions
 d - a potion of might
 e - a potion of curing
 f - a potion of heal wounds
 g - a potion of haste
 h - 2 potions of magic
 i - a potion of berserk rage


   Skills:
 + Level 7.6 Fighting
 + Level 6.3 Axes
 + Level 7.1 Armour
 + Level 6.6 Shields


You had 4 spell levels left.
You didn't know any spells.
Your spell library was empty.

Dungeon Overview and Level Annotations

Branches:
Dungeon (1/1)

Altars:


Innate Abilities, Weirdness & Mutations

You have a pair of horns on your head.
You reflexively headbutt those who attack you in melee.


Message History

There is an open door here.
You start resting.
HP restored.
You open the door. 2 wyverns come into view.
The wyvern hisses angrily. x2
Found 243 gold pieces.
You barely miss the wyvern. The wyvern barely misses you.
The wyvern bites you but does no damage.
You closely miss the wyvern. You headbutt the wyvern.
The wyvern is moderately wounded.
The wyvern bites you but does no damage.
The wyvern bites you!
You slash the wyvern! You headbutt the wyvern!
You kill the wyvern!
The wyvern misses you.
Your Fighting skill gained 3 levels and is now at level 7!
Your Axes skill gained 3 levels and is now at level 6!
Your Armour skill gained 3 levels and is now at level 7!
Your Shields skill gained 2 levels and is now at level 6!
You have reached level 3!
Your experience leads to an increase in your attributes!
Increase (S)trength, (I)ntelligence, or (D)exterity?
You feel agile. x2
You have reached level 4!
You feel stronger.
You have reached level 5!
You slash the wyvern!
The wyvern is moderately wounded.
The wyvern completely misses you. You block the wyvern's attack.
You barely miss the wyvern.
The wyvern is moderately wounded.
The wyvern bites you! The wyvern barely misses you. You furiously retaliate!
You headbutt the wyvern. You hit the wyvern but do no damage.
The wyvern is moderately wounded.
The wyvern bites you.
* * * LOW HITPOINT WARNING * * *
The wyvern bites you!
You die...

###
#+###.##
##.##...#
+.<.'##.+
##@##.###
#l###.#
.#$ ###
.# #. ##
##


You could see a wyvern.

Vanquished Creatures
  A wyvern (D)
  3 worms (D)
4 creatures vanquished.

Vanquished Creatures (others)
  A water moccasin (D)
1 creature vanquished.

Grand Total: 5 creatures vanquished

Notes
Turn   | Place    | Note
-------+----------+-------------------------------------------
     0 | D        | boopmooplesden the Minotaur Fighter began the quest for the
                  | Orb.
     0 | D        | Reached XP level 1. HP: 19/19 MP: 0/0
    15 | D        | Killed a water moccasin
    19 | D        | Reached XP level 2. HP: 11/28 MP: 1/1
   204 | D        | Noticed a wyvern
   204 | D        | Noticed a wyvern
   207 | D        | Killed a wyvern
   208 | D        | Reached XP level 3. HP: 21/39 MP: 2/2
   208 | D        | Reached XP level 4. HP: 26/47 MP: 3/3
   208 | D        | Reached XP level 5. HP: 28/52 MP: 4/4
   210 | D        | Slain by a wyvern

Illustrated notes

Levels and vault maps discovered:
D:        the_violet_keep_of_menkaure [sprint2_stairs_cluster_1,
          sprint2_shoproom, sprint2_temple, sprint2_basic_supplies,
          sprint2_obstacle_7, sprint2_obstacle_1, sprint2_obstacle_2,
          sprint2_obstacle_5, sprint2_obstacle_3, sprint2_timed_cluster_1,
          sprint2_smallroom_cluster_1, sprint2_smallroom_final_cluster_1,
          sprint2_transparent_cluster_1, sprint2_second_timed_cluster_1,
          sprint2_sniper_area_1, sprint2_heavy_combat_area_1,
          sprint2_mutation_trap_area_1, sprint2_forest_area_1,
          sprint2_light_combat_area_1, sprint2_behind_water_1,
          sprint2_near_end_vault_1]

Skill      XL: |  1  2 |
---------------+-------+-----
Fighting       | 4 7 |  7.6
Armour         | 4 7 |  7.1
Shields        | 4 6 |  6.6
Axes           | 3 6 |  6.3

Action                   |  1- 3 |  4- 6 || total
-------------------------+-------+-------++-------
Melee: War axe           |    15 |     3 ||    18
       Headbutt          |     5 |       ||     5
Armor: Scale mail        |     3 |       ||     3
Dodge: Dodged            |     5 |     2 ||     7
Block: Buckler           |       |     1 ||     1
